Map: Overgrowth LE (Void)

Players

Gorod - Winner!

  • Race: Zerg Zerg
  • League: Diamond
  • Spawn Location: 1:00

Jacksonnel

  • Race: Terran Terran
  • League: Diamond
  • Spawn Location: 7:00

VOD

Have the link to the VOD?

Description

Time

  • Played on: Dec. 20, 2016, 8:51 a.m.
  • Length: 18:51
Show
View Real Time Build Order
Export as new Build Order

Gorod Zerg - Winner!

Build Orders: Hatch First 

Get SALT Encoding   

  12  0:01  Drone  
  13  0:08  Drone  
  14  0:16  Drone, Extractor  
  15  0:40  Hatchery  
  14  0:45  Drone, Extractor  
  15  1:04  Spawning Pool  
  15  1:10  Extractor  
  15  1:11  Drone, Extractor  
  14  1:14  Drone  
  16  1:19  Overlord  
  16  1:37  Drone x2  
  18  1:43  Drone  
  19  1:50  Queen  
  21  1:54  Queen  
  21  1:57  Drone  
  21  1:58  Drone  
  25  2:03  Overlord  
  25  2:08  Drone  
  26  2:13  Drone  
  26  2:15  Drone  
  27  2:25  Drone  
  27  2:26  Drone  
  27  2:28  Queen  
  31  2:33  Queen  
  33  2:37  Drone  
  33  2:38  Drone  
  35  2:45  Drone  
  35  2:47  Overlord  
  36  3:01  Extractor  
  36  3:03  Hatchery  
  36  3:04  Drone, Extractor  
  34  3:15  Drone  
  34  3:16  Drone x2  
  34  3:17  Drone x3  
  40  3:25  Roach Warren  
  40  3:26  Drone  
  40  3:27  Drone  
  41  3:36  Evolution Chamber  
  41  3:38  Evolution Chamber  
  39  3:50  Drone x3  
  39  3:51  Drone x2  
  39  3:52  Extractor  
  39  3:53  Overlord  
  45  4:17  Roach x4  
  45  4:18  Roach x3  
  45  4:20  Lair  
  45  4:21  Drone  
  58  4:44  Overlord  
  58  4:45  Overlord x3  
  58  4:49  Zerg Missile Weapons Level 1  
  58  4:51  Zerg Ground Armor Level 1  
  58  4:54  Drone, Extractor  
  58  5:06  Drone x6  
  64  5:10  Drone  
  64  5:12  Drone  
  64  5:13  Drone  
  64  5:14  Drone x4  
  71  5:16  Ravager x2  
  73  5:30  Glial Reconstitution  
  73  5:32  Drone x6  
  79  5:35  Extractor  
  79  5:38  Extractor  
  77  5:49  Drone x2  
  79  5:50  Drone x8  
  79  5:56  Ravager x3  
  90  6:02  Metabolic Boost  
  90  6:09  Overlord x2  
  90  6:10  Overlord x3  
  90  6:32  Drone x4  
  94  6:38  Roach x8  
  110  6:42  Ravager x2  
  110  6:46  Hatchery, Zergling x2  
  113  6:47  Zergling x8  
  116  6:56  Roach x2  
  116  6:58  Ravager  
  116  6:59  Ravager x7  
  125  7:28  Extractor  
  124  7:34  Drone x2  
  124  7:35  Zerg Missile Weapons Level 2, Zerg Ground Armor Level 2  
  126  7:46  Overlord x6  
  127  8:05  Drone  
  127  8:06  Drone x8  
  127  8:07  Drone x4  
  127  8:08  Overlord x3  
  127  8:09  Overlord  
  139  8:20  Extractor  
  139  8:22  Extractor  
  133  8:39  Ravager x2  
  133  8:40  Roach x11  
  133  8:41  Roach x2  
  160  8:44  Drone  
  160  8:45  Drone x4  
  162  9:18  Roach x5  
  172  9:29  Ravager  
  172  9:30  Ravager x7  
  180  9:33  Zergling x26  
  180  9:34  Zergling x2  
  194  9:39  Tunneling Claws  
  194  9:42  Infestation Pit, Burrow  
  193  10:09  Hatchery  
  138  10:42  Zergling x40  
  147  10:43  Zergling x8  
  147  10:46  Roach x3  
  145  11:02  Roach  
  145  11:03  Roach x10  
  156  11:10  Roach x2  
  134  11:27  Roach x14  
  134  11:30  Ravager  
  134  11:31  Ravager x15  
  167  12:03  Roach x14  
  153  12:32  Roach  
  153  12:33  Roach x7  
  169  12:42  Ravager x9  
  169  12:43  Ravager x5  
  183  12:53  Zergling x16  
  191  13:16  Extractor  
  191  13:17  Extractor  
  189  13:23  Ravager x6  
  189  13:24  Ravager x2  
  196  13:43  Roach x2  
  196  13:44  Overlord x4  
  154  14:29  Roach  
  154  14:30  Roach x5  
  148  14:40  Spire  
  148  14:41  Roach  
  148  14:42  Roach x12  
  163  15:56  Mutalisk x10  
  163  15:57  Mutalisk x8  
  199  16:10  Zerg Flyer Weapons Level 1  
  199  16:11  Hatchery  
  198  16:35  Extractor  
  198  16:36  Extractor  
  194  16:53  Mutalisk  
  194  16:54  Mutalisk x2  
  188  17:02  Mutalisk x6  
  188  17:03  Mutalisk x2  
  188  17:08  Mutalisk x7  
  190  17:14  Overseer x3  
  190  17:15  Overseer  
  198  17:17  Overseer  
  198  17:18  Overseer x4  
  175  18:25  Mutalisk x5  
  175  18:26  Mutalisk x7  
Show
View Real Time Build Order
Export as new Build Order

Jacksonnel Terran 

Build Orders: Mech 

Get SALT Encoding   

  12  0:01  SCV  
  13  0:13  SCV  
  14  0:17  Supply Depot  
  14  0:25  SCV  
  15  0:39  SCV  
  15  0:42  Barracks  
  16  0:47  Refinery  
  16  0:52  SCV  
  18  1:04  SCV  
  18  1:16  SCV  
  19  1:29  SCV  
  19  1:30  Marine  
  21  1:37  Command Center  
  21  1:52  Marine  
  22  1:54  Orbital Command  
  22  1:59  Factory  
  22  2:12  Bunker  
  22  2:25  SCV  
  23  2:33  Barracks Reactor, Supply Depot  
  23  2:41  Refinery  
  23  2:49  SCV  
  23  2:50  Orbital Command  
  24  2:54  Factory  
  24  2:55  Hellion  
  26  3:03  SCV  
  27  3:28  SCV x2  
  27  3:30  Hellion x2  
  33  3:34  Barracks Reactor  
  33  3:38  Engineering Bay  
  33  3:40  SCV  
  34  3:48  Cyclone  
  34  3:52  SCV x2  
  39  3:55  Supply Depot  
  39  4:04  SCV  
  39  4:07  Supply Depot  
  41  4:10  SCV, Supply Depot  
  41  4:12  Cyclone  
  44  4:18  SCV, Supply Depot  
  44  4:22  SCV  
  46  4:31  SCV  
  47  4:35  Hellion  
  47  4:36  Cyclone x2  
  47  4:37  SCV  
  55  4:43  SCV  
  56  4:46  Supply Depot  
  56  4:49  SCV  
  57  4:54  Missile Turret x2  
  57  4:55  SCV, Cyclone  
  61  5:01  SCV  
  61  5:06  Missile Turret  
  62  5:07  SCV  
  62  5:08  Refinery x2  
  62  5:12  Supply Depot  
  62  5:13  SCV  
  64  5:16  Hellion, Cyclone  
  69  5:21  SCV  
  68  5:38  SCV x2  
  70  5:50  Factory  
  70  5:52  SCV x2  
  72  5:58  Factory  
  72  5:59  Command Center  
  72  6:03  Missile Turret  
  72  6:04  SCV  
  72  6:06  SCV  
  72  6:10  Armory  
  74  6:33  SCV x2  
  76  6:42  Cyclone x3  
  76  6:43  Cyclone  
  76  6:45  SCV x2  
  90  6:55  Refinery  
  90  6:59  Refinery  
  90  7:01  Factory Tech Lab x2  
  90  7:06  Supply Depot  
  90  7:07  Factory  
  90  7:09  Supply Depot x2  
  90  7:10  Sensor Tower  
  86  7:24  SCV x2  
  88  7:31  Siege Tank x2  
  88  7:32  Hellion x4  
  102  7:40  Missile Turret  
  102  7:45  Missile Turret  
  102  7:51  Factory Tech Lab, Sensor Tower  
  102  7:53  Terran Vehicle Weapons Level 1  
  102  8:01  Hellion  
  102  8:02  Hellion x3  
  102  8:03  SCV  
  111  8:13  SCV  
  111  8:14  Planetary Fortress  
  111  8:19  Armory  
  112  8:22  Command Center  
  112  8:56  Siege Tank x2  
  112  9:02  SCV x2  
  120  9:15  Widow Mine x3, Siege Tank  
  120  9:16  SCV x2  
  120  9:17  SCV  
  132  9:28  SCV  
  133  9:33  Siege Tank  
  133  9:37  Sensor Tower  
  136  9:43  Command Center  
  136  9:45  Widow Mine x4, Siege Tank  
  139  9:47  Terran Vehicle And Ship Armor Level 1, SCV, Refinery  
  148  10:07  Sensor Tower  
  100  10:29  Widow Mine x2, Siege Tank x2  
  100  10:37  Widow Mine x2  
  100  10:38  Siege Tank  
  79  10:57  Widow Mine  
  79  11:01  Siege Tank  
  83  11:06  Siege Tank  
  83  11:10  Siege Tank  
  76  11:26  Widow Mine x2  
  65  11:33  Siege Tank  
  65  11:34  Widow Mine  
  65  11:35  Widow Mine  
  65  11:38  Siege Tank  
  68  11:42  Siege Tank  
  62  11:54  SCV x2  
  62  11:55  Hellion  
  62  11:56  Hellion  
  67  12:03  Orbital Command  
  67  12:04  Hellion x2  
  71  12:14  Hellion  
  60  12:29  Widow Mine x2  
  54  12:30  Widow Mine, Siege Tank x2  
  66  12:55  Widow Mine  
  66  12:56  Siege Tank  
  71  13:09  Siege Tank  
  66  13:27  Widow Mine, Siege Tank  
  71  13:39  Siege Tank  
  64  14:14  Widow Mine x2  
  64  14:15  Siege Tank x2  
  70  14:20  Supply Depot  
  70  14:21  Supply Depot  
  59  14:35  SCV  
  60  14:42  Supply Depot x2  
  60  14:43  Supply Depot  
  60  14:53  Supply Depot  
  59  15:16  Supply Depot  
Tags
 
Composition
Mech
Matchup
TvZ
Replay Pack
replay pack
Spawn Locations
Cross Positions
Add a new tag
Caveats
  • Supply blocks, unpowered buildings, or Contaminate may cause inaccurate times.
  • Supply counts are checked every 10 seconds.